 Dungeon Crawl Stone Soup version 0.28.0-53-g5a82cb258f (webtiles) character file.

Game seed: 3064091449037080315

261 moldycheese5 the Grave Robber (level 5, -6/28 HPs)
             Began as a Deep Elf Necromancer on June 17, 2022.
             Was an Initiate of Yredelemnul.
             Killed by divine providence
             ... invoked by an orc priest
              (7 damage)
             ... on level 4 of the Dungeon.
             The game lasted 00:10:32 (5586 turns).

moldycheese5 the Grave Robber (DENe)                Turns: 5586, Time: 00:10:33

Health: -6/28      AC:  4    Str:  5    XL:     5   Next: 96%
Magic:  3/15       EV: 12    Int: 22    God:    Yredelemnul [......]
Gold:   200        SH:  0    Dex: 15    Spells: 9/16 levels left

rFire   . . .      SeeInvis .   c - +2 short sword (venom)
rCold   . . .      Faith    .   (no shield)
rNeg    . . .      Spirit   .   a - +0 robe
rPois   .          Reflect  .   (no helmet)
rElec   .          Harm     .   h - +1 cloak
rCorr   .          Rampage  .   (no gloves)
Will    .....                   (no boots)
Stlth   ++........              (no amulet)
HPRegen 0.09/turn               (no ring)
MPRegen 0.14/turn               (no ring)

@: no status effects
A: no striking features
a: Renounce Religion, Recall Undead Harvest


You were on level 4 of the Dungeon.
You worshipped Yredelemnul.
Yredelemnul was noncommittal.
You visited 2 branches of the dungeon, and saw 5 of its levels.

You collected 200 gold pieces.

Inventory:

Hand Weapons
 c - a +2 short sword of venom (weapon)
Armour
 a - a +0 robe (worn)
 h - a +1 cloak (worn)
Scrolls
 d - a scroll of fear {unknown}
 f - 2 scrolls of teleportation {unknown}
 g - a scroll of summoning {unknown}
 i - a scroll of torment {unknown}
 j - a scroll of enchant armour {unknown}
Potions
 b - 2 potions of curing {unknown}
 e - a potion of brilliance {unknown}


   Skills:
 + Level 2.4 Dodging
 + Level 3.0 Stealth
 + Level 6.4 Spellcasting
 + Level 6.7 Necromancy


You had 9 spell levels left.
You knew the following spells:

 Your Spells              Type           Power      Damage    Failure   Level
a - Pain                  Necr           100%       1d9       1%          1
b - Animate Skeleton      Necr           72%        N/A       1%          1
c - Vampiric Draining     Necr           36%        2d8       1%          3
d - Corpse Rot            Necr/Air       42%        N/A       3%          2

Your spell library contained the following spells:

 Spells                   Type           Power      Damage    Failure   Level
 Sublimation of Blood     Necr           36%        N/A       1%          2
 Animate Dead             Necr           18%        N/A       5%          4
 Dispel Undead            Necr           36%        3d15      5%          4
 Apportation              Tloc           14%        N/A       9%          1
 Summon Small Mammal      Summ           28%        N/A       9%          1
 Agony                    Necr           36%        N/A       16%         5
 Gell's Gravitas          Tloc           7%         N/A       26%         3
 Teleport Other           Tloc           7%         N/A       26%         3
 Petrify                  Tmut/Erth      7%         N/A       65%         4
 Irradiate                Conj/Tmut      3%         3d15      94%         5
 Dispersal                Tloc           3%         N/A       100%        6
 Death Channel            Necr           Unusable   N/A       N/A         6

Dungeon Overview and Level Annotations

Branches:
Dungeon (4/15)             Temple (1/1) D:4

Altars:
Ashenzari
Cheibriados
Dithmenos
Gozag
Hepliaklqana
Kikubaaqudgha
Okawaru
Qazlal
Ru
Trog
Xom
Yredelemnul
Zin


Message History

You kill the orc!
You feel life coursing into your body.
The orc priest invokes the aid of Beogh against you.
Beogh smites you!
* * * LOW HITPOINT WARNING * * *
Things that are here:
a +0 rapier; a +0 ring mail Your orc priest zombie hits the orc priest but does no damage.
The orc priest hits your orc priest zombie with a +0 flail!
The orc priest hits your orc priest zombie with a +0 club.
Aiming: Vampiric Draining (safe; 1% risk of failure)
Press: ? - help, Q - select action, (/) - cycle Shift-Dir - straight line, f - orc priest
Aim: an orc priest, wielding a +0 club and wearing a +0 scale mail You draw life force from the orc priest!
You feel life coursing into your body.
The orc priest hits you but does no damage.
Your orc priest zombie hits the orc priest.
Your orc priest zombie barely misses the orc priest.
The orc priest looks braver for a moment.
The orc priest hits your orc priest zombie with a +0 flail!
You don't have enough magic to cast this spell.
You don't have enough magic to cast this spell.
The orc priest miscasts a cantrip.
Your orc priest zombie hits the orc priest.
Your orc priest zombie barely misses something.
The orc priest hits your orc priest zombie with a +0 club!
Your orc priest zombie is destroyed!
Something hits your orc priest zombie.
Your orc priest zombie hits something.
Something hits your orc priest zombie.
The orc priest miscasts a cantrip.
The orc priest looks encouraged for a moment.
Found a club.
The orc priest calls down the wrath of Beogh upon you.
Pain shoots through your body!
* * * LOW HITPOINT WARNING * * *
Something hits your orc priest zombie.
The orc priest mumbles some strange prayers to Beogh against you.
Beogh smites you!
You die...
Your body rises from the dead as a mindless zombie.

#...#...##....##.....###
#..Z##.........'....## #
.###...##........##....#
...'...o....##....##....#
...#........##....##....#
.. #......o........#....#
. #...............+....#
#....##..####'###.....
#....##.@# #....##
................#
.................
.................
######....)....
#........# ...##....#
...# ....#


You could see 2 orc priests and a friendly orc priest zombie.

Vanquished Creatures
  A hound (D:4)
  4 orc priests
  A hound skeleton (D:4)
  An adder (D:2)
  A gnoll (D:1)
  6 orcs
  7 bats
  7 endoplasms (D:1)
  A giant cockroach (D:2)
  15 goblins
  5 hobgoblins
  5 jackals
  2 quokkas
  8 ball pythons
  4 frilled lizards
  4 kobolds (D:1)
  4 rats
76 creatures vanquished.

Vanquished Creatures (others)
  An orc zombie (D:4)
1 creature vanquished.

Grand Total: 77 creatures vanquished

Notes
Turn   | Place    | Note
-------+----------+-------------------------------------------
     0 | D:1      | moldycheese5 the Deep Elf Necromancer began the quest for
                  | the Orb.
     0 | D:1      | Reached XP level 1. HP: 10/10 MP: 6/6
    27 | D:1      | Reached skill level 5 in Necromancy
   604 | D:1      | Learned a level 1 spell: Animate Skeleton
  1204 | D:1      | Reached XP level 2. HP: 10/15 MP: 4/8
  2223 | D:1      | Reached XP level 3. HP: 12/19 MP: 8/10
  2549 | D:1      | Noticed an ogre
  2549 | D:1      | Noticed an ogre
  2549 | D:1      | Noticed an ogre
  2660 | D:1      | Learned a level 3 spell: Vampiric Draining
  2663 | D:1      | Learned a level 2 spell: Corpse Rot
  2665 | D:1      | Noticed an ogre
  3327 | D:2      | Reached XP level 4. HP: 10/24 MP: 3/12
  3578 | D:2      | Found a snail-covered altar of Cheibriados.
  4721 | D:3      | Reached skill level 5 in Spellcasting
  4721 | D:3      | Reached XP level 5. HP: 10/28 MP: 0/14
  4997 | D:3      | Found a bloodstained altar of Trog.
  5118 | D:4      | Found a staircase to the Ecumenical Temple.
  5154 | Temple   | Entered the Ecumenical Temple
  5398 | Temple   | Became a worshipper of Yredelemnul the Dark
  5509 | D:4      | Reached * piety under Yredelemnul
  5584 | D:4      | HP: 1/28 [orc priest/nerve-wracking pain (9)]
  5586 | D:4      | Killed from afar by an orc priest

Illustrated notes

Levels and vault maps discovered:
D:1:      erik_arrival_cave_to_civilisation [erik_arrival_cave_to_temple],
          layout_loops_ring, minivault_24
D:2:      layout_loops_ring, basic_altar, grunt_ministairs_10,
          minmay_goblin_outpost
D:3:      layout_rooms, mainiacjoe_overflow_six_doors_small
D:4:      lemuel_castle_with_subvaults [lemuel_castle_interior_carwin_2],
          layout_gridville, minmay_temple_entry_large_hall, uniq_natasha
Temple:   minmay_temple_bridge_abc

Skill      XL: |  1  2  3  4  5 |
---------------+----------------+-----
Necromancy     | 5 6 |  6.7
Spellcasting   | 4 5 6 |  6.4
Stealth        | 3 |  3.0
Dodging        | |  2.4

Action                   |  1- 3 |  4- 6 || total
-------------------------+-------+-------++-------
Melee: Unarmed           |     3 |       ||     3
       Short sword       |     4 |    12 ||    16
       Punch             |     1 |       ||     1
 Cast: Pain              |    67 |    35 ||   102
       Vampiric Draining |       |    14 ||    14
       Animate Skeleton  |       |     1 ||     1
Invok: Recall Undead Har |       |     1 ||     1
Armor: Robe              |     4 |     9 ||    13
Dodge: Dodged            |    16 |    19 ||    35
